 Dungeon Crawl Stone Soup version 0.23-a0-398-g8eab93fbe2 (webtiles) character file.

43 Notair the Chopper (level 3, -1/31 HPs)
             Began as a Minotaur Gladiator on Nov 3, 2018.
             Slain by a goblin
             ... wielding a +0 club
             ... led by Robin
              (4 damage)
             ... on level 2 of the Dungeon.
             The game lasted 00:02:57 (1004 turns).

Notair the Chopper (Minotaur Gladiator)             Turns: 1004, Time: 00:02:57

Health: -1/31      AC:  3    Str: 19    XL:     3   Next: 37%
Magic:  2/2        EV: 12    Int:  5    God:
Gold:   49         SH:  0    Dex: 11    Spells: 2/2 levels left

rFire    . . .     SeeInvis .   a - +0 war axe
rCold    . . .     Gourm    .   (no shield)
rNeg     . . .     Faith    .   b - +0 leather armour
rPois    .         Spirit   .   c - +0 hat
rElec    .         Reflect  .   (no cloak)
rCorr    .         Harm     .   (no gloves)
MR       .....                  (no boots)
Stlth    +.........             (no amulet)
HPRegen  0.10/turn              (no ring)
MPRegen  0.08/turn              (no ring)

@: no status effects
A: retaliatory headbutt, horns 2
a: no special abilities


You were on level 2 of the Dungeon.
You were not hungry.

You visited 1 branch of the dungeon, and saw 2 of its levels.

You collected 49 gold pieces.

Inventory:

Hand Weapons
 a - a +0 war axe (weapon)
 p - a cursed -3 spear
Missiles
 d - 2 throwing nets
 g - 48 stones (quivered)
 m - 20 bolts
Armour
 b - a +0 leather armour (worn)
 c - a +0 hat (worn)
 o - a +1 pair of gloves
Wands
 q - a wand of disintegration (7)
Scrolls
 i - a scroll of identify {unknown}
 j - a scroll of remove curse {unknown}
 l - a scroll of enchant weapon {unknown}
 n - a scroll of teleportation {unknown}
Potions
 e - a potion of curing {unknown}
 h - 2 potions of berserk rage {unknown}
 k - a potion of agility {unknown}
Comestibles
 f - 3 rations


   Skills:
 + Level 3.3 Fighting
 * Level 4.9 Axes
 - Level 2.0 Throwing
 - Level 3.2 Dodging


You had 2 spell levels left.
You didn't know any spells.
Your spell library was empty.

Dungeon Overview and Level Annotations

Branches:
Dungeon (2/15)

Altars:

Annotations:
D:2 Robin


Innate Abilities, Weirdness & Mutations

You reflexively headbutt those who attack you in melee.
You have a pair of horns on your head.


Message History

You kill the goblin!
You slash the hobgoblin!
You kill the hobgoblin!
You slash the goblin!
You kill the goblin!
Your leather armour prevents you from hitting the goblin.
The goblin misses you.
A gnoll comes into view. It is wielding a -1 club.
The goblin hits you.
* * * LOW HITPOINT WARNING * * *
You closely miss the goblin.
The goblin is severely wounded.
You closely miss the goblin. You hit Robin. You barely miss the goblin.
You hit the goblin. The goblin closely misses you.
Robin hits you with a +0 whip.
* * * LOW HITPOINT WARNING * * *
The goblin hits you with a +0 club.
* * * LOW HITPOINT WARNING * * *
The goblin hits you with a +0 club.
You die...

. ... %#..##
##...g ....#
#...# #
###g..###
#.#..g....#####
#..ggg........#
###g@g...)###
###g..### #.†.#
##..# ##.# #.#
#.# #.# #.#


You could see Robin, 2 gnolls, 2 hobgoblins and 4 goblins.

Vanquished Creatures
  An adder (D:2)
  2 dart slugs
  A leopard gecko (D:1)
  A giant cockroach (D:1)
  6 hobgoblins
  3 kobolds (D:1)
  2 bats (D:2)
  2 frilled lizards
  7 goblins
  2 rats
  2 toadstools (D:1)
29 creatures vanquished.

Vanquished Creatures (others)
  2 toadstools (D:1)
2 creatures vanquished.

Grand Total: 31 creatures vanquished

Notes
Turn   | Place    | Note
-------+----------+-------------------------------------------
     0 | D:1      | Notair the Minotaur Gladiator began the quest for the Orb.
     0 | D:1      | Reached XP level 1. HP: 18/18 MP: 0/0
   165 | D:1      | Reached skill level 4 in Axes
   191 | D:1      | Reached XP level 2. HP: 20/25 MP: 1/1
   955 | D:2      | Reached XP level 3. HP: 28/31 MP: 2/2
   995 | D:2      | Noticed Robin
  1004 | D:2      | Slain by a goblin

Vault maps used:
D:1:      ldierk_water_garden
D:2:      cheibriados_altar_1, marbit_many_paths, first_ration, uniq_robin

Skill      XL: |  1  2 |
---------------+-------+-----
Axes           | 4 |  4.9
Fighting       | 3 |  3.3
Throwing       | |  2.0
Dodging        | |  3.2

Action                   || total
-------------------------++-------
Melee: War axe           ||    38
       Headbutt          ||     5
Throw: Stone             ||    34
       Throwing net      ||     1
Armor: Leather armour    ||     8
Dodge: Dodged            ||    27

Table legend:
 A = Non-vault XP
 B = Vault XP
 C = Vault XP percentage of total XP
 D = Non-vault monster count
 E = Vault monster count
 F = Vault count percentage of total count
                 A         B        C        D         E       F
            +---------+---------+-------+---------+---------+-------
      Total |      53 |       9 |  14.5 |      22 |       5 |  18.5
            +---------+---------+-------+---------+---------+-------
        D:1 |      31 |       0 |   0.0 |      16 |       0 |   0.0
        D:2 |      22 |       9 |  29.0 |       6 |       5 |  45.5
            +---------+---------+-------+---------+---------+-------
